 Dungeon Crawl Stone Soup version 0.30-a0-728-gc68057be0a (webtiles) character file.

Game seed: 7686163459078356271

6353 Legacy the Fighter (level 10, -3/148 (150) HPs)
             Began as a Minotaur Berserker on Feb 1, 2023.
             Was a High Priest of Trog.
             Slain by a komodo dragon (21 damage)
             ... on level 10 of the Dungeon.
             The game lasted 00:20:58 (9923 turns).

Legacy the Fighter (Minotaur Berserker)             Turns: 9923, Time: 00:20:58

HP:   -3/148 (150)  AC: 10    Str: 26    XL:     10   Next: 65%
MP:   9/9           EV:  6    Int:  4    God:    Trog [*****.]
Gold: 296           SH: 14    Dex: 10    Spells: 9/9 levels left

rFire   . . .      SeeInvis .    z - +0 war axe
rCold   . . .      Faith    +    y - +0 tower shield
rNeg    . . .      Spirit   .    E - +0 plate armour
rPois   .          Reflect  .    (helmet restricted)
rElec   .          Harm     .    G - +1 cloak
rCorr   .          Rampage  .    (no gloves)
Will    .....                    n - +0 pair of boots Stlth
                                 A - amulet of faith
HPRegen 0.44/turn                (no ring)
MPRegen 0.11/turn                (no ring)

@: berserking, corroded, lightly drained, very quick
A: horns 2, retaliatory headbutt
a: Renounce Religion, Berserk, Trog's Hand, Brothers in Arms


You were on level 10 of the Dungeon.
You worshipped Trog.
Trog was extremely pleased with you.
You visited 1 branch of the dungeon, and saw 10 of its levels.

You collected 354 gold pieces.
You spent 58 gold pieces at shops.

Inventory:

Hand Weapons
 a - a +0 hand axe
 z - a +0 war axe (weapon)
Missiles
 F - 2 throwing nets (quivered)
Armour
 n - a +0 pair of boots (worn)
 y - a +0 tower shield (worn)
 E - a +0 plate armour (worn)
 G - a +1 cloak (worn)
Jewellery
 k - a ring of positive energy
 A - an amulet of faith (around neck)
 B - a ring of protection from fire
Wands
 p - a wand of digging (6)
 u - a wand of iceblast (6)
 v - a wand of flame (33)
 x - a wand of paralysis (12)
 C - a wand of polymorph (4)
Scrolls
 b - a scroll of magic mapping
 e - a scroll of fog
 h - 3 scrolls of enchant weapon
 m - 2 scrolls of immolation
 o - 5 scrolls of teleportation
 r - 2 scrolls of fear
 s - a scroll of acquirement
 t - 2 scrolls of blinking
 w - a scroll of butterflies
Potions
 c - 3 potions of resistance
 d - a potion of mutation
 g - a potion of heal wounds {unknown}
 i - 2 potions of invisibility
 j - a potion of ambrosia {unknown}
 l - 2 potions of flight
 D - a potion of lignification {unknown}


   Skills:
 + Level 12.8 Fighting
 - Level 3.6 Axes
 + Level 9.8 Armour
 * Level 7.2 Dodging
 + Level 0.1 Stealth
 + Level 8.6 Shields


You had 9 spell levels left.
You didn't know any spells.
Your spell library was empty.

Dungeon Overview and Level Annotations

Branches:
Dungeon (10/15)            Temple (0/1) D:6
   Lair: D:8-11         Orc: D:9-12

Altars:
Ashenzari
Dithmenos
Elyvilon
Fedhas
Makhleb
Nemelex Xobeh
Okawaru
Sif Muna
Uskayaw
Vehumet
Wu Jian
Xom
Zin

Shops:
D:1 :   D:3 [   D:4 *


Innate Abilities, Weirdness & Mutations

You have a pair of horns on your head.
You reflexively headbutt those who attack you in melee.


Message History

The komodo dragon hisses angrily.
The acid dragon roars!
The acid dragon spits acid at you. The splash of acid hits you!!
The acid corrodes you!
There is an open door here.
You block the komodo dragon's attack.
You slash the komodo dragon!
The komodo dragon is lightly wounded.
The komodo dragon bites you! You block the komodo dragon's attack.
You closely miss the komodo dragon. Your headbutt misses the komodo dragon.
The komodo dragon is lightly wounded.
You hit the acid dragon. The acid dragon barely misses you.
You block the acid dragon's attack.
The komodo dragon bites you but does no damage.
The acid dragon bites you but does no damage.
You block the acid dragon's attack.
You slash the komodo dragon! You headbutt the komodo dragon.
The komodo dragon is heavily wounded.
You barely miss the acid dragon. The komodo dragon bites you!!
You block the acid dragon's attack. x2
The komodo dragon bites you but does no damage.
You closely miss the komodo dragon. You headbutt the komodo dragon.
The komodo dragon is heavily wounded.
You hit the acid dragon. You block the acid dragon's attack.
The acid dragon claws you but does no damage.
The komodo dragon closely misses you. The acid dragon bites you.
* * * LOW HITPOINT WARNING * * *
The acid dragon claws you but does no damage.
You barely miss the komodo dragon. Your headbutt misses the komodo dragon.
The komodo dragon is heavily wounded.
You hit the acid dragon but do no damage.
The komodo dragon bites you but does no damage.
You block the acid dragon's attack. x2
The komodo dragon bites you but does no damage.
The acid dragon spits acid at you. The splash of acid hits you!
* * * LOW HITPOINT WARNING * * *
The acid corrodes you!
A red film seems to cover your vision as you go berserk!
You feel yourself moving faster!
You feel mighty! The komodo dragon bites you!!
You die...

#.......#
#.......+
#.......#
#.......#
#.......#
#.......#
#...lD..#
#...@...#
####'####
#!.#
#####.###
#.......#
#.......#
#.......#####
#...........#
#...<...###.#


You could see a komodo dragon and an acid dragon (catching breath).

Vanquished Creatures
  A two-headed ogre (D:9)
  Prince Ribbit (D:7)
  6 slime creatures
  A shadow (D:9)
  Sigmund (D:2)
  6 yaks (D:9)
  Edmund (D:6)
  A water moccasin (D:6)
  A sky beast (D:6)
  2 black bears
  2 ice beasts
  An ogre (D:5)
  4 centaurs
  2 kobold brigands
  2 bullfrogs
  3 scorpions
  A gnoll sergeant (D:8)
  A necrophage (D:8)
  9 wights
  2 electric eels (D:3)
  6 howler monkeys
  2 gnoll boudas
  4 jellies
  5 hounds
  5 orc priests
  Jessica (D:2)
  Ijyb (D:3)
  Terence (D:2)
  An iguana (D:5)
  5 orc wizards
  13 gnolls
  8 adders
  A shadow imp (D:7)
  A white imp (D:8)
  2 ufetubi (D:4)
  3 worms
  4 dart slugs
  24 orcs
  7 bats
  4 endoplasms
  5 giant cockroaches
  7 hobgoblins
  4 jackals
  18 kobolds
  2 quokkas
  7 ball pythons
  6 frilled lizards
  3 goblins
  3 rats (D:1)
201 creatures vanquished.

Vanquished Creatures (others)
  3 plants (D:3)
3 creatures vanquished.

Grand Total: 204 creatures vanquished

Notes
Turn   | Place    | Note
-------+----------+-------------------------------------------
     0 | D:1      | Legacy the Minotaur Berserker began the quest for the Orb.
     0 | D:1      | Reached XP level 1. HP: 19/19 MP: 0/0
    99 | D:1      | Reached skill level 4 in Fighting
   198 | D:1      | Found Lulaodar's Book Shop.
   204 | D:1      | Reached XP level 2. HP: 28/28 MP: 1/1
   347 | D:1      | Reached skill level 5 in Fighting
   482 | D:1      | Reached XP level 3. HP: 36/36 MP: 2/2
   747 | D:2      | Found an ornate altar of the Wu Jian Council.
   762 | D:2      | Noticed Jessica
   783 | D:2      | Killed Jessica
  1132 | D:2      | Reached ** piety under Trog
  1133 | D:2      | Reached skill level 6 in Fighting
  1133 | D:2      | Reached XP level 4. HP: 38/44 MP: 3/3
  1252 | D:2      | Noticed Sigmund
  1274 | D:2      | Killed Sigmund
  1275 | D:2      | Reached skill level 7 in Fighting
  1275 | D:2      | Reached XP level 5. HP: 43/53 MP: 4/4
  1457 | D:2      | Noticed Terence
  1464 | D:2      | Killed Terence
  1465 | D:2      | Reached skill level 8 in Fighting
  1656 | D:3      | Reached XP level 6. HP: 61/61 MP: 5/5
  1845 | D:3      | Found Loaputio's Antique Armour Shop.
  1855 | D:3      | Found a transporter.
  1873 | D:3      | Found a transporter.
  1876 | D:3      | Noticed Ijyb
  1881 | D:3      | Paralysed by Ijyb for 2 turns
  1886 | D:3      | Paralysed by Ijyb for 4 turns
  1892 | D:3      | Killed Ijyb
  2113 | D:3      | Reached skill level 9 in Fighting
  2586 | D:4      | Reached XP level 7. HP: 68/70 MP: 6/6
  2608 | D:4      | Reached *** piety under Trog
  2877 | D:4      | Reached skill level 10 in Fighting
  3098 | D:4      | Found a sparkling altar of Nemelex Xobeh.
  3098 | D:4      | Found a shimmering altar of Xom.
  3098 | D:4      | Found a blossoming altar of Fedhas.
  3100 | D:4      | Found a broken altar of Ashenzari.
  3100 | D:4      | Found a radiant altar of Vehumet.
  3100 | D:4      | Found a burning altar of Makhleb.
  3102 | D:4      | Found a white marble altar of Elyvilon.
  3102 | D:4      | Found a shimmering blue altar of Sif Muna.
  3102 | D:4      | Found a glowing silver altar of Zin.
  3104 | D:4      | Found a hide-covered altar of Uskayaw.
  3104 | D:4      | Found a shadowy altar of Dithmenos.
  3104 | D:4      | Found an iron altar of Okawaru.
  3360 | D:4      | Found Dacushru's Mass Market.
  3378 | D:4      | Bought a +0 tower shield for 58 gold pieces
  3604 | D:4      | Identified a scroll of acquirement
  3685 | D:5      | Entered Level 5 of the Dungeon
  3732 | D:5      | HP: 3/73 [gnoll/+0 halberd[a gnoll bouda] (8)]
  3756 | D:5      | Reached skill level 11 in Fighting
  3779 | D:5      | Reached skill level 1 in Shields
  4157 | D:5      | Reached XP level 8. HP: 82/82 MP: 7/7
  4979 | D:6      | Noticed Edmund
  4987 | D:6      | Killed Edmund
  4992 | D:6      | Reached skill level 5 in Armour
  5199 | D:6      | Found a staircase to the Ecumenical Temple.
  5478 | D:6      | Reached **** piety under Trog
  5924 | D:6      | Reached XP level 9. HP: 73/89 MP: 8/8
  6393 | D:7      | Noticed Prince Ribbit
  6415 | D:7      | Killed Prince Ribbit
  6613 | D:7      | Reached skill level 5 in Shields
  6662 | D:7      | Reached skill level 5 in Dodging
  7197 | D:7      | Reached skill level 12 in Fighting
  7335 | D:8      | Reached XP level 10. HP: 33/97 MP: 9/9
  8638 | D:9      | Noticed a two-headed ogre
  8645 | D:9      | Killed a two-headed ogre
  8889 | D:9      | Reached ***** piety under Trog
  9904 | D:10     | Entered Level 10 of the Dungeon
  9923 | D:10     | Slain by a komodo dragon

Illustrated notes

Levels and vault maps discovered:
D:1:      minmay_arrival_split_and_join, layout_rooms, serial_shops,
          nicolae_shop_hallway_plus, minmay_misc_feat_enclosed
D:2:      layout_loops_cross, basic_altar, uniq_terence, uniq_jessica,
          uniq_sigmund
D:3:      gammafunk_steamed_eel, layout_loops_ring, serial_shops,
          nicolae_shop_statue_plus, kennysheep_generic_room_11, uniq_ijyb
D:4:      layout_loops_ring, nicolae_overflows_in_rows, minmay_misc_feat_chi,
          minmay_shop_mass, minmay_quantized
D:5:      nicolae_cairo_tiling_large, layout_rooms
D:6:      layout_basic, temple_pool_b, minmay_door_square, nicolae_hexahallways,
          uniq_edmund
D:7:      layout_loops_ring, uniq_prince_ribbit1
D:8:      layout_loops_ring
D:9:      layout_basic
D:10:     layout_roguey, lemuel_crystal_altar, lair_entry_dummy, orc_david_3,
          kennysheep_windowed_goal

Skill      XL: |  1  2  3  4  5  6  7  8  9 10 |
---------------+-------------------------------+-----
Fighting       | 4 5 6 7 8 9 11 12 | 12.8
Armour         | 3 6 8 9 |  9.8
Shields        | 1 4 7 8 |  8.6
Dodging        | 4 6 7 |  7.2
Axes           | |  3.6
Stealth        | |  0.1

Action                     |  1- 3 |  4- 6 |  7- 9 | 10-12 || total
---------------------------+-------+-------+-------+-------++-------
  Melee: Hand axe          |    66 |    94 |    63 |       ||   223
         Headbutt          |    12 |    27 |    57 |    16 ||   112
         Punch             |       |     1 |       |       ||     1
         War axe           |       |       |   208 |    96 ||   304
 Invoke: Berserk           |       |       |     5 |     2 ||     7
  Evoke: Wand              |       |     4 |       |       ||     4
    Use: Scroll            |     4 |       |    12 |     3 ||    19
         Potion            |       |       |     3 |       ||     3
 Armour: Chain mail        |    62 |    68 |   193 |       ||   323
         Plate armour      |       |       |    30 |    81 ||   111
  Dodge: Dodged            |    61 |    49 |    91 |    35 ||   236
  Block: Tower shield      |       |       |   208 |   106 ||   314

Table legend: (Time is in decaauts)
 A = Elapsed time spent in this place.
 B = Non-inter-level travel time spent in this place.
 C = Inter-level travel time spent in this place.
 D = Time resting spent in this place.
 E = Time spent auto-exploring this place.
 F = Levels seen in this place.
 G = Mean time per level.
                   A        B        C        D        E       F      G
               +--------+--------+--------+--------+--------+-----+--------+
         Total |  10217 |   9278 |    939 |   2645 |      0 |  10 | 1021.7 |
       Dungeon |  10217 |   9278 |    939 |   2645 |      0 |  10 | 1021.7 |
               +--------+--------+--------+--------+--------+-----+--------+

Top non-repeatable levels by time:
     D:6: 1529 daAuts
     D:8: 1518 daAuts
     D:9: 1311 daAuts
     D:5: 1265 daAuts
     D:4: 1116 daAuts
     D:3: 1001 daAuts
     D:2: 875 daAuts
     D:7: 854 daAuts
     D:1: 723 daAuts
    D:10: 21 daAuts
